 Dungeon Crawl Stone Soup version 0.31-a0-986-g5e6e4ef867 (webtiles) character file.

Game seed: 15971323004638210773

289 Xavori the Trooper (level 6, -2/47 HPs)
             Began as a Djinni Chaos Knight on Nov 9, 2023.
             Was a Plaything of Xom.
             Slain by a gnoll
             ... wielding a +0 flail
              (5 damage)
             ... on level 4 of the Dungeon.
             The game lasted 00:03:27 (9252 turns).

Xavori the Trooper (Djinni Chaos Knight)            Turns: 9252, Time: 00:03:28

Health: -2/47      AC:  8    Str: 10    XL:     6   Next: 58%
Gold:   153        EV: 12    Int: 18    God:    Xom [...*..] SH:  4 Dex: 13

rFire   + + .        a - +0 falchion (chaos)
rCold   x . .        (no shield)
rNeg    . . .        b - +2 leather armour
rPois   ∞            (no helmet)
rElec   .            (no cloak)
rCorr   .            n - +0 pair of gloves
SInv    .            (boots unavailable)
Will    .....        (no amulet)
Stlth   +            (no ring)
HPRegen 0.27/turn    (no ring)
MPRegen 0.00/turn

%: infuse magic (-3 HP)
@: weak-willed, flying
A: sickness immunity, fire resistance 2, cold vulnerability 1, float, innate
caster, HP casting, extra vitality 1, claws 1, iridescent scales 2, large bone
plates 1, clever 1, deformed body, strong-willed 1
a: Renounce Religion


You were on level 4 of the Dungeon.
You worshipped Xom.
You were a favourite toy of Xom.
You visited 1 branch of the dungeon, and saw 4 of its levels.

You collected 153 gold pieces.

Inventory:

Hand Weapons
 a - a +0 falchion of chaos (weapon)
Armour
 b - a +2 leather armour (worn)
 l - a +2 scale mail of fire resistance
 n - a +0 pair of gloves (worn)
Wands
 f - a wand of mindburst (5)
Scrolls
 c - a scroll of butterflies
 g - 3 scrolls of enchant weapon
 i - a scroll of silence
 j - a scroll of teleportation {unknown}
 m - a scroll of fear
Potions
 d - a potion of heal wounds {unknown}
 e - 2 potions of brilliance {unknown}
 h - 2 potions of curing {unknown}
 k - a potion of might


   Skills:
 + Level 3.9 Fighting
 + Level 3.5 Long Blades
 + Level 2.6 Armour
 + Level 3.5 Dodging
 * Level 2.0 Spellcasting
 * Level 2.0 Conjurations
 * Level 2.0 Hexes
   Level 0.0 Charms
 * Level 2.0 Summonings
 * Level 2.0 Necromancy
 * Level 2.0 Translocations
 * Level 2.0 Transmutations
 * Level 2.0 Fire Magic
 * Level 2.0 Ice Magic
 * Level 2.0 Air Magic
 * Level 2.0 Earth Magic
 * Level 2.0 Poison Magic


You knew the following spells:

 Your Spells              Type           Power      Damage    Failure   Level
a - Slow                  Hex            36%        N/A       10%         1
b - Jinxbite              Hex            18%        N/A       16%         2
Your spell library was empty.

Dungeon Overview and Level Annotations

Branches:
Dungeon (4/15)
 Temple: D:4-7

Altars:
Ashenzari
Qazlal
Xom
Yredelemnul

Shops:
D:2 [

Annotations:
D:3 1 runed translucent door


Innate Abilities, Weirdness & Mutations

You are immune to sickness and miasma.
You are immune to poison.
Your flesh is very heat resistant. (rF++)
You are vulnerable to cold. (rC-)
You float through the air rather than walking.
You learn spells naturally, not from books.
Your magical power is your life essence.
You have superior vitality. (+4 MHP)
You have sharp fingernails.
You are mostly covered in iridescent scales. (AC +4)
You are partially covered in large bone plates. (SH +4)
Your mind is acute. (Int +4, Str/Dex -1)
Armour fits poorly on your strangely shaped body.
You are strong-willed. (Will+)


Message History

You hit the gnoll. You burn the gnoll.
The gnoll is almost dead.
The jinxing sprites lose interest in you.
You block the gnoll's attack.
You closely miss the gnoll.
The gnoll is almost dead.
The gnoll hits you with a +0 flail!
You closely miss the gnoll.
The gnoll is almost dead.
The gnoll hits you with a +0 flail!
You hit the gnoll. You freeze the gnoll.
You kill the gnoll!
You hit the gnoll.
The gnoll resists with some effort.
The gnoll is moderately wounded.
The gnoll hits you with a +0 flail!
You hit the gnoll. You freeze the gnoll.
The gnoll is almost dead.
The gnoll hits you from afar with a +0 spear.
* * * LOW HITPOINT WARNING * * *
The gnoll closely misses you.
You hit the gnoll but do no damage.
The gnoll is almost dead.
The gnoll barely misses you. You block the gnoll's attack.
The gnoll closely misses you. x2
You completely miss the gnoll.
The gnoll is almost dead.
The gnoll completely misses you. The gnoll hits you with a +0 flail.
* * * LOW HITPOINT WARNING * * *
You hit the gnoll but do no damage.
The gnoll is almost dead.
The gnoll hits you from afar with a +0 spear.
* * * LOW HITPOINT WARNING * * *
The gnoll hits you with a +0 flail.
* * * LOW HITPOINT WARNING * * *
You hit the gnoll but do no damage.
The gnoll is almost dead.
The gnoll hits you from afar with a +0 spear.
* * * LOW HITPOINT WARNING * * *
The gnoll hits you with a +0 flail.
You die...

.......# #.##.#
...........##.##
....#########..#
##.## ##.# #.#
#.# #.# #.# #+#
#.# ###.######
#....@gg.#
#.#.####.#
#....# ......#
###..... ##.##.
#. . #. #+#


You could see 2 gnolls.

Vanquished Creatures
  An ogre (D:4)
  An iguana (D:4)
  4 gnolls
  6 adders
  3 worms (D:2)
  10 bats
  10 endoplasms
  3 giant cockroaches
  8 goblins
  3 hobgoblins
  5 kobolds
  3 quokkas
  7 ball pythons
  8 frilled lizards
  A goblin skeleton (D:3)
  A jackal skeleton (D:3)
  6 rats
80 creatures vanquished.

Vanquished Creatures (others)
  An endoplasm (D:3)
  A kobold (D:3)
2 creatures vanquished.

Grand Total: 82 creatures vanquished

Notes
Turn   | Place    | Note
-------+----------+-------------------------------------------
     0 | D:1      | Xavori the Djinni Chaos Knight began the quest for the Orb.
     0 | D:1      | Reached XP level 1. HP: 20/20 MP: 0/0
   157 | D:1      | Reached XP level 2. HP: 25/25 MP: 0/0
   295 | D:1      | XOM: divination: detect items
   340 | D:1      | Found a faded altar of an unknown god.
   367 | D:1      | XOM: divination: detect items
   470 | D:1      | Reached XP level 3. HP: 26/30 MP: 0/0
   470 | D:1      | Learned a level 1 spell: Slow
   560 | D:1      | XOM: god gift: 2 atropa-tipped darts
   814 | D:1      | XOM: scenery: create altars
   916 | D:1      | XOM: god gift: brown potion {god gift}
  1304 | D:1      | XOM: give mutations
  1304 | D:1      | Gained mutation: Armour fits poorly on your strangely
                  | shaped body. [Xom's mischief]
  1304 | D:1      | Gained mutation: You are strong-willed. (Will+) [Xom's
                  | mischief]
  1941 | D:1      | XOM: noise
  3262 | D:1      | XOM: summons 1 hostile demon
  3659 | D:1      | XOM is BORED!
  3659 | D:1      | XOM: summons 2 hostile demons
  3660 | D:1      | XOM: butterfly on damage
  3800 | D:1      | XOM: silly message
  3983 | D:1      | XOM: scenery: summon butterflies
  4104 | D:1      | XOM: noise
  5402 | D:1      | XOM: divination: magic mapping
  5534 | D:1      | XOM: scenery: summon butterflies
  5812 | D:1      | XOM: cloud trail
  5871 | D:1      | XOM: god gift: wand of mindburst (5)
  5924 | D:1      | XOM: cloud trail
  6186 | D:1      | XOM: give mutation
  6186 | D:1      | Gained mutation: You have sharp fingernails. [Xom's grace]
  6398 | D:2      | Reached skill level 1 in Spellcasting
  6398 | D:2      | Reached skill level 1 in Conjurations
  6398 | D:2      | Reached skill level 1 in Hexes
  6398 | D:2      | Reached skill level 1 in Summonings
  6398 | D:2      | Reached skill level 1 in Necromancy
  6398 | D:2      | Reached skill level 1 in Translocations
  6398 | D:2      | Reached skill level 1 in Transmutations
  6398 | D:2      | Reached skill level 1 in Fire Magic
  6398 | D:2      | Reached skill level 1 in Ice Magic
  6398 | D:2      | Reached skill level 1 in Air Magic
  6398 | D:2      | Reached skill level 1 in Earth Magic
  6398 | D:2      | Reached skill level 1 in Poison Magic
  6427 | D:2      | Reached XP level 4. HP: 20/35 MP: 0/0
  6515 | D:2      | XOM: silly message
  6786 | D:2      | Reached XP level 5. HP: 34/40 MP: 0/0
  6786 | D:2      | Learned a level 2 spell: Jinxbite
  6838 | D:2      | XOM: silly message
  6883 | D:2      | Found Plog's Armour Shoppe.
  7425 | D:3      | Found a runed translucent door.
  7425 | D:3      | Noticed a human
  7429 | D:3      | Found a basalt altar of Yredelemnul.
  7517 | D:3      | Found a broken altar of Ashenzari.
  7578 | D:3      | XOM: divination: detect items
  7586 | D:3      | XOM: cloud trail
  7594 | D:3      | XOM: 7-stop teleportation journey
  7700 | D:3      | XOM: 5-stop teleportation journey
  7707 | D:3      | XOM: give mutations
  7707 | D:3      | Gained mutation: Your mind is acute. (Int +4, Str/Dex -1)
                  | [Xom's grace]
  7707 | D:3      | Gained mutation: You are partially covered in iridescent
                  | scales. (AC +2) [Xom's grace]
  7895 | D:3      | XOM: destruction
  7933 | D:3      | XOM: god gift: shiny scale mail {god gift}
  8028 | D:3      | XOM: give mutations
  8028 | D:3      | Gained mutation: You are mostly covered in iridescent
                  | scales. (AC +4) [Xom's grace]
  8028 | D:3      | Gained mutation: You are partially covered in large bone
                  | plates. (SH +4) [Xom's grace]
  8421 | D:4      | Found a stormy altar of Qazlal.
  8798 | D:4      | Noticed an ogre
  8801 | D:4      | XOM: butterfly on damage
  8846 | D:4      | XOM: confuse monster(s)
  8859 | D:4      | Killed an ogre
  8860 | D:4      | Reached XP level 6. HP: 35/47 MP: 0/0
  9055 | D:4      | XOM: summons 4 hostile demons
  9056 | D:4      | Noticed a rust devil
  9065 | D:4      | XOM: noise
  9252 | D:4      | Slain by a gnoll

Illustrated notes

Levels and vault maps discovered:
D:1:      minmay_arrival_shattered_statue, layout_loops_ring,
          basic_ecumenical_altar, nicolae_grassy_gnolls
D:2:      layout_loops_ring, serial_shops, nicolae_shop_stone,
          minmay_pentomino_q4
D:3:      layout_basic, nicolae_ashenzari_skybound, dk_yredelemnul_ordeal,
          minmay_misc_feat_tiny, st_stairs_2
D:4:      layout_loops_corners, mainiacjoe_overflow_cross_hatched, serial_shops,
          shop

Skill      XL: |  1  2  3  4  5 |
---------------+----------------+-----
Long Blades    | 3 |  3.5
Spellcasting   | 1 2 |  2.0
Conjurations   | 1 2 |  2.0
Hexes          | 1 2 |  2.0
Summonings     | 1 2 |  2.0
Necromancy     | 1 2 |  2.0
Translocations | 1 2 |  2.0
Transmutations | 1 2 |  2.0
Fire Magic     | 1 2 |  2.0
Ice Magic      | 1 2 |  2.0
Air Magic      | 1 2 |  2.0
Earth Magic    | 1 2 |  2.0
Poison Magic   | 1 2 |  2.0
Armour         | 2 |  2.6
Dodging        | 3 |  3.5
Fighting       | |  3.9

Action                     |  1- 3 |  4- 6 || total
---------------------------+-------+-------++-------
  Melee: Falchion          |    70 |   173 ||   243
         Punch             |     1 |       ||     1
   Cast: Slow              |       |     6 ||     6
         Jinxbite          |       |     2 ||     2
    Use: Scroll            |       |     4 ||     4
   Stab: Sleeping          |     1 |     1 ||     2
         Confused          |       |     2 ||     2
 Armour: Leather armour    |    33 |   110 ||   143
  Dodge: Dodged            |    40 |   119 ||   159
  Block: Other             |       |     8 ||     8

Table legend: (Time is in decaauts)
 A = Elapsed time spent in this place.
 B = Non-inter-level travel time spent in this place.
 C = Inter-level travel time spent in this place.
 D = Time resting spent in this place.
 E = Time spent auto-exploring this place.
 F = Levels seen in this place.
 G = Mean time per level.
                   A        B        C        D        E       F      G
               +--------+--------+--------+--------+--------+-----+--------+
         Total |   9290 |   9213 |     77 |   5619 |   2911 |   4 | 2322.5 |
       Dungeon |   9290 |   9213 |     77 |   5619 |   2911 |   4 | 2322.5 |
               +--------+--------+--------+--------+--------+-----+--------+

Top non-repeatable levels by time:
     D:1: 6249 daAuts
     D:2: 1034 daAuts
     D:3: 1023 daAuts
     D:4: 982 daAuts
